Map: Traitor's Exile

Players

MonstroTown

  • Race: Terran Terran
  • Spawn Location: 12:00

Michael

  • Race: Zerg Zerg
  • League: Gold
  • Spawn Location: 9:00

suiyi

  • Race: Zerg Zerg
  • League: Diamond
  • Spawn Location: 5:00

JDCT

  • Race: Zerg Zerg
  • League: Diamond
  • Spawn Location: 6:00

VOD

Have the link to the VOD?

Description

Time

  • Played on: Sept. 16, 2018, 1:50 a.m.
  • Length: 11:19
Show
View Real Time Build Order
Export as new Build Order

MonstroTown Terran 

Build Orders:  

Get SALT Encoding   

  12  0:08  SCV  
  13  0:17  Supply Depot  
  13  0:21  SCV  
  14  0:33  SCV  
  15  0:42  Barracks  
  15  0:45  SCV  
  15  0:48  Refinery  
  16  0:57  SCV  
  17  1:13  SCV  
  17  1:15  Barracks  
  19  1:28  Orbital Command  
  19  1:31  Marine  
  19  1:49  Reaper  
  20  1:55  SCV  
  21  2:04  Barracks Tech Lab  
  21  2:05  Supply Depot  
  21  2:07  SCV  
  22  2:14  Refinery, Barracks  
  22  2:19  SCV  
  23  2:27  Marauder  
  25  2:34  Supply Depot  
  25  2:36  Marine  
  26  2:38  SCV  
  26  2:51  Marine  
  26  2:54  Marine  
  28  3:16  Marine x2  
  28  3:18  Marauder  
  32  3:24  Factory  
  32  3:34  Marine  
  32  3:37  Command Center  
  33  3:46  Marine x2  
  31  3:52  Marine  
  28  4:04  Marine x2  
  26  4:15  Marine  
  24  4:20  Hellion  
  24  4:22  Marine  
  24  4:23  Starport  
  24  4:24  Marine  
  27  4:37  Marine  
  28  4:39  Marine  
  28  4:44  Marauder  
  31  4:47  Liberator  
  31  4:55  Orbital Command  
  31  4:56  Supply Depot  
  31  4:59  Widow Mine  
  36  5:08  Marine  
  32  5:23  Marine x2  
  32  5:26  Marine  
  35  5:37  Widow Mine  
  22  5:51  Liberator, Marine  
  16  6:25  Widow Mine  
  19  7:42  Widow Mine  
  17  7:48  SCV x2  
  13  8:00  SCV  
  12  8:49  Widow Mine  
  12  8:50  SCV  
  12  8:51  SCV  
  14  9:02  SCV  
  14  9:15  Command Center  
  14  9:40  Factory Reactor  
  14  9:45  SCV  
  15  10:02  Supply Depot  
  15  10:24  Widow Mine, SCV, Hellion  
  15  10:25  Supply Depot  
  20  10:36  SCV  
  16  10:45  SCV  
  19  10:57  Hellion x2  
Show
View Real Time Build Order
Export as new Build Order

Michael Zerg 

Build Orders: Pool First 

Get SALT Encoding   

  12  0:01  Drone  
  13  0:13  Overlord  
  13  0:18  Drone  
  14  0:31  Drone x2  
  14  0:35  Drone  
  17  0:37  Extractor  
  16  0:45  Drone  
  17  0:55  Spawning Pool  
  16  0:58  Drone  
  17  1:07  Drone  
  18  1:27  Hatchery  
  18  1:30  Drone  
  18  1:37  Overlord  
  18  1:48  Queen  
  20  1:55  Metabolic Boost  
  20  2:00  Zergling x2  
  21  2:03  Zergling x2  
  21  2:07  Zergling x2  
  23  2:11  Zergling x2  
  24  2:22  Drone  
  25  2:31  Queen  
  26  2:52  Zergling x2  
  26  2:53  Zergling x6  
  30  3:11  Zergling x8  
  30  3:12  Zergling x2  
  32  3:41  Roach Warren  
  28  3:51  Zergling x12  
  29  4:05  Lair  
  29  4:07  Zergling x12  
  35  4:23  Overlord x2  
  35  4:25  Queen  
  29  4:41  Zergling x8  
  29  4:42  Zergling x2  
  31  4:47  Zergling x2  
  31  4:49  Zergling x2  
  31  4:53  Zergling x2  
  31  4:56  Drone  
  33  5:00  Drone  
  34  5:07  Drone  
  34  5:09  Drone  
  34  5:12  Drone  
  30  5:22  Roach x2  
  30  5:25  Roach  
  36  5:30  Roach  
  36  5:35  Roach  
  40  5:36  Roach x4  
  48  5:45  Roach  
  50  5:52  Zergling x2  
  51  6:03  Overlord  
  51  6:04  Overlord x2  
  51  6:07  Glial Reconstitution  
  51  6:12  Evolution Chamber  
  50  6:24  Roach x5  
  55  6:26  Roach  
  48  6:38  Roach x3  
  46  6:46  Queen  
  32  7:06  Roach  
  32  7:07  Roach x2  
  32  7:08  Roach  
  9  7:36  Roach  
  9  7:37  Zergling x2  
  6  8:15  Drone x4  
  6  8:16  Drone x5  
  15  8:41  Drone x2  
  15  8:46  Drone x4  
  20  9:07  Spawning Pool  
  19  9:10  Drone  
  19  9:14  Drone  
  21  9:17  Drone x2  
  21  9:18  Drone  
  21  9:19  Zerg Ground Armor Level 1  
  21  9:22  Drone x2  
  21  9:23  Drone  
  27  9:26  Drone  
  27  9:29  Drone  
  27  9:37  Drone x2  
  29  9:48  Drone  
  30  9:56  Extractor  
  30  9:57  Queen  
  30  9:59  Queen  
  33  10:01  Drone  
  33  10:02  Drone x2  
  36  10:07  Spore Crawler  
  36  10:08  Drone  
  36  10:18  Drone  
  37  10:22  Extractor, Drone  
  37  10:23  Extractor  
  36  10:33  Spire  
  35  10:36  Spore Crawler  
  35  10:37  Spore Crawler  
  33  10:44  Drone  
  33  10:45  Drone  
  33  10:47  Drone  
  33  10:48  Drone x2  
Show
View Real Time Build Order
Export as new Build Order

suiyi Zerg 

Build Orders: Hatch First 

Get SALT Encoding   

  12  0:01  Drone  
  13  0:13  Overlord  
  13  0:18  Drone  
  14  0:31  Drone  
  14  0:32  Drone  
  14  0:35  Drone  
  17  0:56  Hatchery  
  16  0:59  Drone  
  16  1:01  Extractor  
  16  1:02  Drone  
  17  1:10  Drone  
  18  1:21  Spawning Pool  
  17  1:27  Drone  
  17  1:30  Drone  
  19  1:41  Overlord  
  19  2:08  Queen x2  
  19  2:10  Zergling x6  
  26  2:16  Metabolic Boost  
  26  2:36  Roach Warren  
  25  2:46  Drone x6  
  31  3:17  Zergling x6  
  31  3:18  Roach  
  33  3:26  Zergling x6  
  36  3:28  Overlord x2  
  36  3:32  Extractor  
  35  3:37  Evolution Chamber  
  35  3:40  Roach, Evolution Chamber  
  34  3:54  Roach  
  34  3:55  Roach x3  
  41  4:03  Roach  
  41  4:04  Roach  
  45  4:19  Roach x3  
  45  4:21  Overlord  
  47  4:32  Roach  
  49  4:39  Roach x3  
  49  4:53  Drone x5  
  54  5:08  Roach x3  
  60  5:19  Overlord  
  60  5:20  Overlord  
  60  5:45  Roach  
  60  5:46  Roach x5  
  72  6:00  Drone x4  
  72  6:26  Lair  
  72  6:29  Queen  
  72  6:32  Extractor  
  73  6:38  Extractor  
  68  6:51  Drone  
  68  6:52  Drone x7  
  64  7:45  Roach  
  64  7:46  Roach x2  
  64  7:50  Hydralisk Den  
  61  8:07  Hatchery  
  61  8:12  Zergling x2  
  57  8:13  Zergling x20  
  67  8:22  Queen  
  67  8:27  Drone  
  67  8:28  Drone  
  67  8:37  Hatchery  
  67  8:38  Muscular Augments  
  56  8:58  Hydralisk x8  
  69  9:07  Drone  
  63  9:16  Hydralisk  
  60  9:17  Hydralisk x4  
  60  9:21  Zerg Missile Weapons Level 1  
  60  9:23  Zerg Ground Armor Level 1  
  70  9:27  Drone  
  70  9:28  Drone x3  
  74  9:36  Hydralisk x3  
  80  9:49  Drone x6  
  86  9:53  Grooved Spines  
  86  10:02  Extractor  
  86  10:04  Extractor  
  84  10:19  Drone x4  
  88  10:25  Overseer  
  88  10:31  Overlord x4  
  88  10:32  Overlord  
  84  10:46  Hydralisk  
  84  10:47  Hydralisk x2  
  88  10:54  Hydralisk x11  
  88  10:57  Zergling x4  
Show
View Real Time Build Order
Export as new Build Order

JDCT Zerg 

Build Orders: Hatch First 

Get SALT Encoding   

  12  0:01  Drone  
  13  0:09  Drone  
  14  0:17  Overlord  
  14  0:26  Extractor  
  14  0:27  Drone  
  15  0:36  Drone x2  
  17  1:01  Hatchery  
  16  1:05  Drone  
  17  1:12  Spawning Pool  
  17  1:18  Drone  
  17  1:19  Drone  
  18  1:29  Overlord  
  18  1:33  Extractor, Drone  
  18  1:44  Drone  
  19  1:59  Queen, Zergling x2  
  22  2:02  Zergling x2  
  22  2:06  Extractor  
  22  2:15  Zergling x2  
  23  2:24  Zergling x2  
  24  2:33  Zergling x2  
  24  2:34  Overlord  
  25  2:40  Roach Warren, Metabolic Boost  
  25  2:43  Queen  
  25  2:51  Zergling x6  
  28  3:03  Zergling x2  
  26  3:14  Zergling x10  
  26  3:17  Drone  
  31  3:28  Zergling x6  
  33  3:35  Roach  
  31  3:48  Roach x2  
  31  3:50  Drone  
  34  4:01  Roach x2  
  37  4:08  Roach  
  37  4:09  Roach  
  40  4:17  Roach  
  40  4:19  Roach  
  43  4:30  Roach x2  
  43  4:38  Roach  
  43  4:44  Roach  
  42  4:45  Zergling x4  
  43  4:53  Drone  
  43  4:58  Overlord  
  44  5:08  Overlord  
  40  5:39  Roach x4  
  40  5:40  Roach x2  
  52  5:56  Roach x2  
  58  6:04  Roach  
  58  6:07  Drone  
  51  6:32  Drone x4  
  53  7:08  Roach x3  
  53  7:09  Roach x3  
  53  7:52  Roach x3  
  59  8:00  Lair  
  45  8:16  Extractor  
  44  8:20  Roach x5  
  44  8:21  Roach  
  44  8:23  Hatchery  
  45  9:09  Drone x4  
  53  9:10  Drone x5  
  54  9:19  Spire  
  49  9:40  Drone x3  
  52  9:50  Spore Crawler  
  51  9:53  Spore Crawler  
  50  10:01  Spore Crawler  
  49  10:10  Drone x2  
  49  10:11  Drone x3  
  54  10:14  Overlord  
  54  10:15  Extractor, Overlord x2  
  53  10:29  Overlord  
  53  10:36  Infestation Pit  
  53  10:37  Mutalisk  
  53  10:38  Mutalisk x6  
  53  10:39  Mutalisk  
  68  10:49  Overseer  
  68  10:51  Overseer  
  68  11:02  Drone x4  
  68  11:03  Drone  
Tags
 
Add a new tag
Caveats
  • Supply blocks, unpowered buildings, or Contaminate may cause inaccurate times.
  • Supply counts are checked every 10 seconds.